 Dungeon Crawl Stone Soup version 0.18-b1-14-g029dad2 (webtiles) character file.

357 Alarkh the Grave Robber (level 6, -6/41 HPs)
             Began as a Mummy Necromancer on Apr 30, 2016.
             Mangled by a killer bee (9 damage)
             ... on level 4 of the Dungeon.
             The game lasted 00:05:04 (2870 turns).

Alarkh the Grave Robber (Mummy Necromancer)         Turns: 2870, Time: 00:05:05

Health: -6/41      AC:  4    Str: 11    XL:     6   Next: 36%
Magic:  1/12       EV: 12    Int: 16    God:
Gold:   237        SH:  0    Dex: 13    Spells: 3 memorised, 5 levels left

rFire  x . .     SeeInvis .     o - +0 trident
rCold  + . .     Gourm    .     a - +0 robe
rNeg   + + +     Faith    .     (no shield)
rPois  ∞         Spirit   .     h - +1 hat
rElec  .         Dismiss  .     l - +0 cloak
rCorr  .         Reflect  .     (no gloves)
SustAt .         Harm     .     (no boots)
MR     .....                    (no amulet)
Stlth  ++........               (no ring)
                                m - ring of flight

@: about to teleport, not resistant to hostile enchantments, unstealthy
A: no food or potions, fire vulnerability, cold resistance 1, negative energy
resistance 3, torment resistance, unbreathing
a: Evoke Flight


You were on level 4 of the Dungeon.
You were not hungry.

You visited 1 branch of the dungeon, and saw 4 of its levels.

You collected 237 gold pieces.

Inventory:

Hand Weapons
 f - a +0 spear
 k - a +2 quarterstaff of chaos
 o - a +0 trident (weapon)
Armour
 a - a +0 robe (worn)
 h - a +1 hat (worn)
 l - a +0 cloak (worn)
Jewellery
 m - a ring of flight (left hand)
Wands
 e - a wand of slowing (18/48)
 p - a wand of disintegration (14/24)
Scrolls
 c - 2 scrolls of remove curse
 d - 2 scrolls of teleportation
 g - 3 scrolls of enchant armour
 i - a scroll of magic mapping
 j - a scroll of fog
 n - 2 scrolls of identify
 q - a scroll of noise
 r - a scroll of random uselessness {unknown}
Books
 b - a book of Necromancy

   Spells                             Type                      Level
   a - Pain                           Necromancy                   1
   b - Animate Skeleton               Necromancy                   1
   c - Vampiric Draining              Necromancy                   3
   d - Regeneration                   Charms/Necromancy            3
   e - Animate Dead                   Necromancy                   4
   f - Control Undead                 Necromancy                   4


   Skills:
 + Level 1.9 Polearms
 - Level 1.5 Dodging
 - Level 1.5 Stealth
 + Level 4.2 Spellcasting
 + Level 5.8 Necromancy


You had 5 spell levels left.
You knew the following spells:

 Your Spells              Type           Power        Failure   Level  Hunger
a - Pain                  Necr           ###.         1%          1    N/A
b - Vampiric Draining     Necr           ###.......   6%          3    N/A
c - Control Undead        Necr           ###.......   17%         4    N/A

Dungeon Overview and Level Annotations

Branches:
Dungeon (4/15)             Temple (0/1) D:4

Altars:
Pakellas


Innate Abilities, Weirdness & Mutations

You do not eat or drink.
Your flesh is vulnerable to fire.
You are immune to poison.
Your flesh is cold resistant.
You are immune to negative energy.
You are immune to unholy pain and torment.
You can survive without breathing.


Message History

You kill the killer bee!
You feel life coursing into your body.
A killer bee comes into view.
You see here 14 stones.
Casting: Vampiric Draining
Confirm with . or Enter, or press ? or * to list all spells.
Aiming: Vampiric Draining
Press: ? - help, Shift-Dir - straight line, f - killer bee
Aim: a killer bee The killer bee is heavily wounded.
You feel life coursing into your body. The killer bee closely misses you.
The killer bee misses you.
Read which item? (? for menu, Esc to quit)
As you read the scroll of teleportation, it crumbles to dust.
You feel strangely unstable. The killer bee stings you.
* * * LOW HITPOINT WARNING * * *
The killer bee stings you.
* * * LOW HITPOINT WARNING * * *
The killer bee stings you!
You die...

#†# #....... #.#
#....... #.#
#..%.... #.#
#....... #.#
#.#.#.## #.#
#.#.#.# #(#
#.#.#.# #y#
#.#.#.# #@#
#.#.#.# #.#
#.#.#.# #.#
#.#.#.# #.#
#.#.#.# #.#
#.#.#.#
#.#########.#.#.#
#.............#.#
###########.###.#
#.....#


You could see a killer bee.

Vanquished Creatures
  2 killer bees (D:4)
  A hound (D:4)
  Crazy Yiuf (D:2)
  An iguana (D:4)
  2 orc wizards (D:4)
  A howler monkey skeleton (D:3)
  3 adders
  2 oozes
  2 worms
  3 dart slugs
  2 giant geckos
  2 orcs (D:4)
  9 bats
  5 giant cockroaches
  6 goblins
  7 hobgoblins
  5 jackals
  13 kobolds
  2 quokkas
  6 giant newts
  8 rats
83 creatures vanquished.

Notes
Turn   | Place    | Note
--------------------------------------------------------------
     0 | D:1      | Alarkh the Mummy Necromancer began the quest for the Orb.
     0 | D:1      | Reached XP level 1. HP: 13/13 MP: 3/3
   307 | D:1      | Reached XP level 2. HP: 7/19 MP: 0/5
   905 | D:1      | Reached XP level 3. HP: 24/24 MP: 4/7
   910 | D:1      | Learned a level 3 spell: Vampiric Draining
  1638 | D:2      | Noticed Crazy Yiuf
  1643 | D:2      | Killed Crazy Yiuf
  1643 | D:2      | Reached skill level 5 in Necromancy
  1643 | D:2      | Reached XP level 4. HP: 24/30 MP: 2/9
  1793 | D:3      | Found an oddly glowing altar of Pakellas.
  1906 | D:3      | Learned a level 4 spell: Control Undead
  1974 | D:3      | Reached XP level 5. HP: 34/35 MP: 2/10
  2280 | D:4      | Found a staircase to the Ecumenical Temple.
  2428 | D:4      | Reached skill level 1 in Polearms
  2740 | D:4      | Reached XP level 6. HP: 32/41 MP: 0/12
  2870 | D:4      | Mangled by a killer bee

Skill      XL: |  1  2  3  4  5 |
---------------+----------------+-----
Spellcasting   | 3 4 |  4.2
Necromancy     | 5 |  5.8
Polearms       | 1 |  1.9
Dodging        | |  1.5
Stealth        | |  1.5

Action                   |  1- 3 |  4- 6 || total
-------------------------+-------+-------++-------
Melee: Spear             |    25 |    20 ||    45
       Trident           |       |     6 ||     6
 Cast: Pain              |    80 |    91 ||   171
       Vampiric Draining |       |     2 ||     2
  Use: Scroll            |     5 |     2 ||     7
Armor: Robe              |    13 |    18 ||    31
Dodge: Dodged            |    22 |    42 ||    64
